 Dungeon Crawl Stone Soup version 0.28.0-45-g0d030f2227 (webtiles) character file.

Game seed: 3004078267719869897

914 MisterFreud the Ruffian (level 7, -1/59 HPs)
             Began as a Purple Draconian Transmuter on Apr 29, 2022.
             Slain by a black bear (12 damage)
             ... on level 4 of the Dungeon on Apr 30, 2022.
             The game lasted 00:06:39 (5254 turns).

MisterFreud the Ruffian (DrTm)                      Turns: 5254, Time: 00:06:40

Health: -1/59      AC:  2    Str: 13    XL:     7   Next: 82%
Magic:  8/12       EV: 20    Int: 15    God:
Gold:   141        SH:  0    Dex: 22    Spells: 2/12 levels left

rFire   . . .      SeeInvis .     - Unarmed
rCold   . . .      Faith    .   (shield currently unavailable)
rNeg    . . .      Spirit   .   (armour unavailable)
rPois   x          Reflect  .   (helmet currently unavailable)
rElec   .          Harm     .   (cloak currently unavailable)
rCorr   .          Rampage  .   (gloves currently unavailable)
Will    +....                   (boots currently unavailable)
Stlth   ++........              (no amulet)
HPRegen 0.19/turn               j - +6 ring of dexterity
MPRegen 0.13/turn               (no ring)

@: spider-form
A: venomous fangs, (breathe power), AC +6, tiny, unfitting armour,
(cold-blooded)
a: End Transformation


You were on level 4 of the Dungeon.
You were a venomous arachnid creature.
You visited 1 branch of the dungeon, and saw 5 of its levels.

You collected 141 gold pieces.

Inventory:

Missiles
 g - 6 poisoned darts
Armour
 e - a +0 pair of boots (melded)
 o - a +1 pair of gloves of hurling (melded)
Jewellery
 j - a +6 ring of dexterity (left front leg)
Wands
 l - a wand of polymorph (11)
Scrolls
 a - a scroll of vulnerability {unknown}
 c - a scroll of magic mapping {unknown}
 d - 4 scrolls of fear
 f - a scroll of enchant armour {unknown}
 i - a scroll of teleportation
 n - a scroll of silence {unknown}
 p - a scroll of immolation {unknown}
Potions
 b - a potion of curing
 h - 2 potions of attraction
 k - a potion of flight {unknown}
 m - 2 potions of lignification {unknown}


   Skills:
 - Level 4.0 Fighting
 + Level 2.6 Dodging
 + Level 5.9 Unarmed Combat
 + Level 3.3 Spellcasting
 + Level 5.4 Transmutations
 + Level 1.8 Ice Magic


You had 2 spell levels left.
You knew the following spells:

 Your Spells              Type           Power      Damage    Failure   Level
a - Beastly Appendage     Tmut           36%        N/A       8%          1
b - Wereblood             Tmut           18%        N/A       11%         2
c - Spider Form           Tmut/Pois      10%        N/A       38%         3
d - Ice Form              Ice/Tmut       13%        N/A       63%         4

Your spell library contained the following spells:

 Spells                   Type           Power      Damage    Failure   Level
 Summon Small Mammal      Summ           8%         N/A       38%         1
 Call Canine Familiar     Summ           2%         N/A       71%         3
 Summon Guardian Golem    Hex/Summ       2%         N/A       71%         3
 Petrify                  Tmut/Erth      10%        N/A       75%         4
 Metabolic Englaciation   Hex/Ice        2%         N/A       99%         5
 Statue Form              Tmut/Erth      6%         N/A       100%        6


Dungeon Overview and Level Annotations

Branches:
Dungeon (5/15)
 Temple: D:4-7

Altars:
Cheibriados
Hepliaklqana
Vehumet
Xom

Shops:
D:4 (


Innate Abilities, Weirdness & Mutations

You are a venomous arachnid creature.
You have poisonous fangs.
You are tiny and dextrous.
Your spellcasting is less reliable in this form.
Your armour is entirely melded.
You are incapable of wielding weapons or throwing items.
((You can breathe bolts of dispelling energy.))
((Your rich purple scales are hard. (AC +6)))
You cannot fit into any form of body armour.
((You are cold-blooded and may be slowed by cold attacks.))


Message History

The hound bites you.
You hear an angry hiss.
Unknown command.
Your transformation has ended.
Your +1 pair of gloves of hurling unmelds from your body.
Your +0 pair of boots unmelds from your body.
You feel that your aim is more steady. The hound barely misses you.
You kill the hound!
There is a stone staircase leading up here.
You hit the black bear.
The black bear is almost dead.
The black bear bites you. The black bear claws you. x2
You hit the black bear but do no damage.
The black bear is almost dead.
The black bear bites you. The black bear barely misses you.
The black bear misses you.
The iguana hisses menacingly.
The black bear bites you.
* * * LOW HITPOINT WARNING * * *
The black bear barely misses you. The black bear claws you.
* * * LOW HITPOINT WARNING * * *
Unknown command.
Unknown command.
Unknown command.
The black bear closely misses you.
The black bear claws you but does no damage.
The black bear claws you.
* * * LOW HITPOINT WARNING * * *
You climb upwards.
There is a stone staircase leading down here.
Unknown command.
Unknown command.
Casting: Spider Form (dangerous; 19% risk of failure)
Confirm with . or Enter, or press ? or * to list all spells.
You turn into a venomous arachnid creature.
Your +1 pair of gloves of hurling melds into your body.
Your +0 pair of boots melds into your body.
Your aim is not that steady anymore.
The black bear closely misses you. x3
The black bear bites you!
You die...

.....#.# #####...## #.#
.#.#.#.# ######..[###
#.. .#.#.#.#
#.........^# #..
.#.#.#.###.####...#.#
#.. ...........#
##.##.# ##.
##..##.....# #.##.# #.
#..##..##.# #.##.# #.
#..###.##.### #h##.# #.
#..##...#...# #s##.# #.
#..##..#.#..# #.##.##
#. #..##.#...#.#
#.....# #.
#..###..∩..## ####..#
#. #..#..#...#.# #..#
#. ##..#...#.#..# #..#
#. #...#....#...## #..#
#.
#.............#####..##
#.
....#.#######.........#
#.


You could see a black bear (berserk, very poisoned).

Vanquished Creatures
  Sigmund (D:2)
  Eustachio (D:5)
  2 ogres
  A scorpion (D:4)
  A water moccasin skeleton (D:5)
  A hound (D:5)
  Jessica (D:3)
  2 orc wizards
  A hound skeleton (D:4)
  5 gnolls
  A howler monkey zombie (D:4)
  6 adders
  An ufetubus (D:4)
  An adder skeleton (D:4)
  2 worms
  A dart slug (D:4)
  6 orcs
  6 endoplasms
  5 giant cockroaches
  5 goblins
  14 hobgoblins
  8 jackals (D:1)
  9 kobolds
  4 quokkas
  6 ball pythons
  6 bats
  2 frilled lizards
  8 rats
107 creatures vanquished.

Vanquished Creatures (others)
  2 plants (D:5)
2 creatures vanquished.

Grand Total: 109 creatures vanquished

Notes
Turn   | Place    | Note
-------+----------+-------------------------------------------
     0 | D:1      | MisterFreud the Draconian Transmuter began the quest for
                  | the Orb.
     0 | D:1      | Reached XP level 1. HP: 16/16 MP: 3/3
   226 | D:1      | Reached XP level 2. HP: 21/23 MP: 3/5
   293 | D:1      | Learned a level 2 spell: Wereblood
   359 | D:1      | Found a faded altar of an unknown god.
   708 | D:2      | Reached XP level 3. HP: 25/28 MP: 6/6
   716 | D:2      | Learned a level 3 spell: Spider Form
  1548 | D:1      | Reached XP level 4. HP: 35/35 MP: 7/7
  2301 | D:3      | Reached skill level 5 in Transmutations
  2347 | D:3      | Found a radiant altar of Vehumet.
  2359 | D:3      | Reached XP level 5. HP: 24/41 MP: 1/8
  2670 | D:3      | Noticed Jessica
  2688 | D:3      | Killed Jessica
  3134 | D:2      | Noticed Sigmund
  3335 | D:2      | Killed Sigmund
  3336 | D:2      | Reached XP level 6. HP: 52/52 MP: 6/9
  3833 | D:4      | Found a snail-covered altar of Cheibriados.
  3833 | D:4      | Found a shimmering altar of Xom.
  3834 | D:4      | Found a hazy altar of Hepliaklqana.
  3859 | D:4      | Reached skill level 5 in Unarmed Combat
  4106 | D:4      | Your scales start taking on a rich purple colour.
  4106 | D:4      | Reached XP level 7. HP: 56/59 MP: 7/10
  4365 | D:4      | Found Wiepenuo's Weapon Emporium.
  4380 | D:4      | Learned a level 4 spell: Ice Form
  4965 | D:5      | Entered Level 5 of the Dungeon
  5044 | D:5      | Noticed Eustachio
  5062 | D:5      | Killed Eustachio
  5063 | D:5      | Reached skill level 1 in Ice Magic
  5254 | D:4      | Slain by a black bear

Illustrated notes

Levels and vault maps discovered:
D:1:      evilmike_arrival_hilbert_curve, layout_loops_ring,
          basic_ecumenical_altar
D:2:      layout_basic, minmay_heptomino_h4, uniq_sigmund
D:3:      layout_rooms, fiery_altar_vehumet, grunt_decor_mini_mirrors,
          uniq_jessica
D:4:      layout_loops_ring, chequers_temple_overflow_statue_of_worship,
          serial_rivers, chequers_serial_rivers_marsh,
          chequers_serial_rivers_large_a, chequers_serial_rivers_large_b,
          chequers_serial_rivers_micro_d, chequers_serial_rivers_marsh,
          serial_shops, nicolae_diamond_shop
D:5:      layout_rooms, minmay_temple_entry_gardened_gates, uniq_grinder,
          uniq_eustachio, uniq_edmund

Skill      XL: |  1  2  3  4  5  6  7 |
---------------+----------------------+-----
Transmutations | 3 4 5 |  5.4
Fighting       | 2 4 |  4.0
Unarmed Combat | 4 5 |  5.9
Dodging        | 2 |  2.6
Spellcasting   | 3 |  3.3
Ice Magic      | 1 |  1.8

Action                   |  1- 3 |  4- 6 |  7- 9 || total
-------------------------+-------+-------+-------++-------
Melee: Unarmed           |   104 |   177 |    84 ||   365
       Kick              |    12 |    13 |     1 ||    26
       Headbutt          |     7 |     4 |       ||    11
       Tailslap          |    12 |    17 |     4 ||    33
       Punch             |     3 |     5 |     3 ||    11
 Cast: Beastly Appendage |    19 |     7 |     1 ||    27
       Spider Form       |     1 |     8 |     5 ||    14
  Use: Scroll            |       |     4 |       ||     4
 Stab: Sleeping          |       |       |     1 ||     1
Armor: Skin              |    31 |    39 |    25 ||    95
Dodge: Dodged            |    84 |   124 |    70 ||   278
